 Dungeon Crawl Stone Soup version 0.32-a0-953-g508020473e (webtiles) character file.

Game seed: 231686429862107531

25083 Autsider the Fighter (level 13, -2/72 HPs)
             Began as a Vine Stalker Warper on Apr 16, 2024.
             Was the Champion of Okawaru.
             Slain by a skyshark (6 damage)
             ... on level 5 of the Lair of Beasts.
             The game lasted 00:42:12 (12283 turns).

Autsider the Fighter (Vine Stalker Warper)         Turns: 12283, Time: 00:42:12

Health: -2/72      AC: 12    Str: 15    XL:     13   Next: 17%
Magic:  0/26       EV: 31    Int: 13    God:    Okawaru [******]
Gold:   827        SH:  0    Dex: 21    Spells: 24/28 levels left

rFire   . . .        M - +2 dagger of Inconvenience {venom, rCorr Dex+3}
rCold   . . .        (no shield)
rNeg    . . .        y - +0 steam dragon scales
rPois   +            V - +2 hat
rElec   .            Q - +0 cloak {rPois}
rCorr   +            e - +0 pair of gloves
SInv    +            W - +2 pair of boots {Stlth+}
Will    +....        B - amulet of the acrobat
Stlth   ++++         k - +5 ring of evasion
HPRegen 1.12/turn    v - ring of see invisible
MPRegen 0.20/turn

%: acrobat, guardian spirit
@: about to teleport, acrobatic
A: fangs 3, regeneration 1, magic shield, antimagic bite, no potion heal 2
a: Renounce Religion, Heroism, Finesse, Duel, Receive Weapon, Receive Armour


You were on level 5 of the Lair of Beasts.
You worshipped Okawaru.
Okawaru was exalted by your worship.
You visited 3 branches of the dungeon, and saw 17 of its levels.
You also visited: Sewer.

You collected 827 gold pieces.

Inventory:

Hand Weapons
 M - the +2 dagger of Inconvenience (weapon) {venom, rCorr Dex+3}
   (You found it on level 10 of the Dungeon)

   Dex+3:     It affects your dexterity (+3).
   rCorr:     It protects you from acid and corrosion.
Missiles
 d - 7 darts of dispersal
 i - 10 curare-tipped darts
 s - 27 poisoned darts (quivered)
 x - 7 javelins
 A - 9 atropa-tipped darts
 K - 13 boomerangs
 U - a throwing net
Armour
 e - a +0 pair of gloves (worn)
 y - +0 steam dragon scales (worn)
 Q - a +0 cloak of poison resistance (worn)
 T - a +3 leather armour
 V - a +2 hat (worn)
 W - a +2 pair of boots of stealth (worn)
Jewellery
 b - an amulet of magic regeneration
 c - a +6 ring of dexterity
 k - a +5 ring of evasion (left hand)
 t - a ring of flight
 v - a ring of see invisible (right hand)
 B - an amulet of the acrobat (around neck)
 P - a ring of poison resistance
 S - a +5 ring of evasion
Wands
 D - a wand of paralysis (11)
 F - a wand of flame (22)
 H - a wand of iceblast (18)
 I - a wand of quicksilver (11)
 X - a wand of digging (3)
Scrolls
 l - 3 scrolls of teleportation {@r2}
 m - 2 scrolls of enchant armour
 n - 4 scrolls of poison
 p - 4 scrolls of vulnerability
 r - 4 scrolls of immolation
 u - 5 scrolls of fear
 z - a scroll of noise {unknown}
 E - 4 scrolls of fog
 J - 3 scrolls of blinking
 O - 2 scrolls of amnesia {unknown}
Potions
 a - 2 potions of ambrosia {unknown}
 f - 7 potions of curing {@q1}
 g - a potion of brilliance {unknown}
 j - 4 potions of lignification {unknown}
 o - 2 potions of haste {unknown}
 q - a potion of might {unknown}
 w - 2 potions of mutation {unknown}
 C - a potion of degeneration {unknown}
 G - a potion of cancellation {unknown}
 L - 2 potions of enlightenment {unknown}
 N - a potion of berserk rage {unknown}
 R - a potion of resistance {unknown}
Miscellaneous
 h - a tin of tremorstones (2/2)


   Skills:
 - Level 10.0 Fighting
 - Level 10.0 Short Blades
 + Level 7.9 Throwing
 + Level 1.5 Armour
 - Level 1.5 Dodging
 - Level 4.0 Stealth
 - Level 8.0 Spellcasting
 - Level 8.0 Translocations
 + Level 1.3 Ice Magic
 - Level 8.0 Invocations


You had 24 spell levels left.
You knew the following spells:

 Your Spells              Type           Power      Damage    Failure   Level
a - Lesser Beckoning      Tloc           52%        N/A       1%          2
z - Blink                 Tloc           52%        N/A       1%          2

Your spell library contained the following spells:

 Spells                   Type           Power      Damage    Failure   Level
 Maxwell's Portable Pile  Tloc           26%        2d(7-21)  1%          3
 Teleport Other           Tloc           26%        N/A       1%          3
 Freeze                   Ice            32%        1d5       8%          1
 Ensorcelled Hibernation  Hex/Ice        14%        N/A       16%         2
 Mercury Vapours          Alch/Air       10%        N/A       21%         2
 Frozen Ramparts          Ice            16%        1d3       24%         3
 Vhi's Electric Charge    Tloc/Air       30%        N/A       26%         4
 Hailstorm                Conj/Ice       7%         3d5       30%         3
 Mephitic Cloud           Conj/Alch/Air  5%         N/A       38%         3
 Passwall                 Erth           5%         N/A       38%         3
 Swiftness                Air            5%         N/A       38%         3
 Petrify                  Alch/Erth      5%         N/A       80%         4
 Freezing Cloud           Conj/Ice/Air   3%         6-21      97%         5
 Irradiate                Conj/Alch      2%         3d12      98%         5
 Fulsome Fusillade        Conj/Alch      2%         (3-5)d4   100%        8


Dungeon Overview and Level Annotations

Branches:
Dungeon (11/15)            Temple (1/1) D:5            Lair (4/5) D:8
  Swamp (0/4) Lair:2        Snake (0/4) Lair:3        Slime (0/5) Lair:4
  Sewer (visited)
    Orc: D:9-12

Altars:
Ashenzari
Cheibriados
Dithmenos
Elyvilon
Fedhas
Gozag
Hepliaklqana
Kikubaaqudgha
Makhleb
Nemelex Xobeh
Okawaru
Qazlal
Ru
Sif Muna
Trog
Uskayaw
Vehumet
Wu Jian
Xom
Yredelemnul
Zin
The Shining One
Jiyva

Shops:
D:9 [

Annotations:
D:6 exclusion: 2 downstairs


Innate Abilities, Weirdness & Mutations

You have razor-sharp teeth.
Your natural rate of healing is unusually fast.
When hurt, damage is shared between your health and your magic reserves.
Your bite disrupts and absorbs the magic of your enemies.
Potions cannot restore your health.


Message History

The skyshark is moderately wounded.
You hit the skyshark but do no damage.
The skyshark is moderately wounded.
The skyshark misses you. The skyshark tail-slaps you.
* * * LOW HITPOINT WARNING * * *
The skyshark barely misses you.
You hit the skyshark.
The skyshark looks as sick as possible!
You bite the skyshark. You drain its power.
You feel invigorated.
The skyshark is heavily wounded.
You hit the skyshark but do no damage.
The skyshark looks as sick as possible!
The skyshark is heavily wounded.
The skyshark bites you!!
* * * LOW HITPOINT WARNING * * *
The skyshark enters a blood-rage!
The skyshark tail-slaps you but does no damage.
The skyshark barely misses you.
Aiming: Quicksilver Bolt
Press: ? - help, Shift-Dir - straight line, f - skyshark
Aim: a skyshark (heavily wounded, berserk, extremely poisoned, 79% to hit)
The bolt of dispelling energy hits the skyshark!
The skyshark is heavily wounded.
The skyshark bites you!
* * * LOW HITPOINT WARNING * * *
The skyshark closely misses you. The skyshark misses you.
As you read the scroll of teleportation {@r2}, it crumbles to dust.
You feel strangely unstable. The skyshark bites you.
* * * LOW HITPOINT WARNING * * *
The skyshark completely misses you. The skyshark closely misses you.
The skyshark completely misses you.
The skyshark tail-slaps you but does no damage.
The skyshark misses you. The skyshark bites you!!
* * * LOW HITPOINT WARNING * * *
The skyshark closely misses you. The skyshark completely misses you.
The skyshark completely misses you. The skyshark tail-slaps you.
* * * LOW HITPOINT WARNING * * *
The skyshark closely misses you.
The skyshark bites you but does no damage.
The skyshark tail-slaps you!
You die...

............................
.............................
.............................
.............................
.............................
.............................
#...........##.#.#.#.........
.........#h#F######..........
........####@# ###........
Y.......P ### ##.......
........P ##...... .......###
#.#..... ....... ###.....
....... #..... ##.....
#...... #♣...[.


You could see a skyshark (berserk, extremely poisoned).

Vanquished Creatures
  Gastronok (Lair:2)
  Erolcha (D:11)
  A hydra (Lair:3)
  Amaemon (Lair:2)
  A swamp dragon (Lair:2)
  2 bog bodies (Lair:2)
  Pikel (D:7)
  An oklob plant (Lair:3)
  3 elephants (Lair:2)
  2 black mambas (Lair:3)
  Joseph (D:7)
  An orange demon (Lair:2)
  9 cane toads
  5 komodo dragons
  Maggie (D:6)
  A rime drake (Lair:4)
  A polar bear (Lair:2)
  20 blink frogs
  A shadow (D:9)
  A vampire (D:10)
  A wraith (D:9)
  2 wyverns (Lair:3)
  12 yaks
  2 basilisks
  2 steam dragons
  3 vampire mosquitoes (D:10)
  Menkaure (D:7)
  9 water moccasins
  2 black bears (D:6)
  An ice beast (D:8)
  3 orc warriors
  A sky beast (D:8)
  6 centaurs
  3 lemures (D:7)
  15 wolves
  A phantom (D:6)
  Blork the orc (D:6)
  3 kobold brigands
  10 bullfrogs
  3 scorpions
  4 wights (D:7)
  3 killer bees
  2 electric eels (Lair:2)
  2 howler monkeys (D:8)
  3 hounds
  6 jellies
  5 orc priests
  3 sleepcaps
  Crazy Yiuf (D:6)
  A gnoll bouda (D:8)
  4 iguanas
  6 orc wizards
  11 gnolls
  5 adders
  4 river rats
  A shadow imp (D:5)
  A white imp (D:6)
  6 ufetubi
  A dart slug (D:2)
  2 ribbon worms (D:2)
  27 orcs
  13 ball pythons
  4 bats
  8 endoplasms
  4 giant cockroaches
  3 goblins
  7 hobgoblins
  15 jackals
  5 quokkas
  7 frilled lizards
  14 kobolds
  8 rats
322 creatures vanquished.

Vanquished Creatures (others)
  2 kobolds (D:9)
2 creatures vanquished.

Grand Total: 324 creatures vanquished

Notes
Turn   | Place    | Note
-------+----------+-------------------------------------------
     0 | D:1      | Autsider the Vine Stalker Warper began the quest for the
                  | Orb.
     0 | D:1      | Reached XP level 1. HP: 11/11 MP: 4/4
    99 | D:1      | Found a faded altar of an unknown god.
   173 | D:1      | You fall into a shaft and drop 1 floor!
   320 | D:1      | Reached XP level 2. HP: 15/15 MP: 6/6
   694 | D:2      | Reached XP level 3. HP: 19/19 MP: 7/7
   817 | D:2      | Reached XP level 4. HP: 23/23 MP: 9/9
  1603 | D:3      | Found a broken altar of Ashenzari.
  1750 | D:3      | Reached XP level 5. HP: 24/28 MP: 10/10
  1982 | D:4      | Found a radiant altar of Vehumet.
  2267 | D:4      | Found a burning altar of Makhleb.
  2492 | D:5      | Entered Level 5 of the Dungeon
  2610 | D:5      | Reached XP level 6. HP: 23/32 MP: 12/12
  2764 | D:5      | Found a staircase to the Ecumenical Temple.
  2778 | Temple   | Entered the Ecumenical Temple
  2789 | Temple   | Became a worshipper of Warmaster Okawaru
  3416 | D:5      | Reached skill level 1 in Invocations
  3460 | D:6      | Found a glowing drain.
  3483 | Sewer    | Entered a sewer
  3644 | Sewer    | Reached XP level 7. HP: 37/37 MP: 14/14
  3669 | Sewer    | Found a viscous altar of Jiyva.
  3739 | Sewer    | HP: 1/37 [acid (5)]
  3816 | D:6      | Found a hazy altar of Hepliaklqana.
  3861 | D:6      | Reached * piety under Okawaru
  3878 | D:6      | Found a shimmering altar of Xom.
  3949 | D:6      | Gained mutation: You have razor-sharp teeth. [Vine Stalker
                  | growth]
  3949 | D:6      | Reached XP level 8. HP: 40/42 MP: 15/15
  4000 | D:6      | Found an ancient bone altar of Kikubaaqudgha.
  4000 | D:6      | Noticed Maggie
  4049 | D:6      | Killed Maggie
  4050 | D:6      | Reached skill level 5 in Fighting
  4050 | D:6      | Reached skill level 5 in Short Blades
  4201 | D:6      | Found a shimmering blue altar of Sif Muna.
  4361 | D:6      | Reached ** piety under Okawaru
  4363 | D:6      | Noticed Blork the orc
  4391 | D:6      | Killed Blork the orc
  4636 | D:6      | Found a runed translucent door.
  4637 | D:6      | Noticed Crazy Yiuf
  4785 | D:6      | Killed Crazy Yiuf
  4988 | D:7      | Reached skill level 5 in Invocations
  5001 | D:7      | Reached XP level 9. HP: 30/48 MP: 16/16
  5159 | D:7      | Noticed Joseph
  5204 | D:7      | Noticed Pikel
  5249 | D:7      | Noticed Menkaure
  5270 | D:7      | Paralysed by Pikel for 3 turns
  5276 | D:7      | Paralysed by Pikel for 2 turns
  5298 | D:7      | Killed Pikel
  5489 | D:7      | Killed Menkaure
  5489 | D:7      | Reached *** piety under Okawaru
  5567 | D:7      | Killed Joseph
  5800 | D:8      | Reached XP level 10. HP: 53/55 MP: 17/17
  6322 | D:8      | Found a staircase to the Lair.
  6354 | D:9      | Learned a level 2 spell: Blink
  6357 | D:9      | Learned a level 2 spell: Lesser Beckoning
  6405 | D:9      | Reached skill level 1 in Stealth
  6568 | D:9      | Reached **** piety under Okawaru
  6726 | D:9      | Found Viskiuli's Antique Armour Boutique.
  6761 | D:9      | Found a shadowy altar of Dithmenos.
  7066 | D:10     | Entered Level 10 of the Dungeon
  7180 | D:10     | Identified the +2 dagger of Inconvenience {venom, rCorr
                  | Dex+3}
  7310 | D:10     | Found an ornate altar of the Wu Jian Council.
  7311 | D:10     | Found a sacrificial altar of Ru.
  7590 | D:10     | Found a basalt altar of Yredelemnul.
  7596 | D:10     | Found a hide-covered altar of Uskayaw.
  7888 | D:11     | Noticed Erolcha
  7907 | D:11     | Killed Erolcha
  7907 | D:11     | Reached ***** piety under Okawaru
  7915 | D:11     | Noticed a white ugly thing
  8059 | D:11     | Noticed a two-headed ogre
  8180 | D:10     | Received a gift from Okawaru
  8207 | D:10     | Reached XP level 11. HP: 56/62 MP: 16/18
  8302 | D:11     | Noticed a brown ugly thing
  8302 | D:11     | Noticed a cyclops
  8379 | Lair:1   | Entered Level 1 of the Lair of Beasts
  8857 | Lair:1   | Received a gift from Okawaru
  9335 | Lair:2   | Noticed a bog body
  9472 | Lair:2   | Reached skill level 5 in Spellcasting
  9475 | Lair:2   | Reached skill level 10 in Fighting
  9492 | Lair:2   | Reached skill level 10 in Short Blades
  9710 | Lair:2   | Received a gift from Okawaru
  9827 | Lair:2   | Noticed Gastronok
  9883 | Lair:2   | Killed Gastronok
  9884 | Lair:2   | Reached XP level 12. HP: 61/67 MP: 24/24
 10041 | Lair:2   | Reached skill level 5 in Translocations
 10071 | Lair:2   | Noticed Amaemon
 10095 | Lair:2   | Killed Amaemon
 10241 | Lair:2   | Found a staircase to the Swamp.
 10249 | Lair:2   | Received a gift from Okawaru
 10527 | Lair:3   | Reached ****** piety under Okawaru
 10534 | Lair:3   | Found a staircase to the Snake Pit.
 10576 | Lair:3   | Reached skill level 5 in Throwing
 10820 | Lair:3   | Received a gift from Okawaru
 11387 | Lair:3   | Noticed a five-headed hydra
 11396 | Lair:3   | Killed a five-headed hydra
 11397 | Lair:3   | Reached XP level 13. HP: 59/72 MP: 21/26
 11664 | Lair:4   | Found a staircase to the Slime Pits.
 11664 | Lair:4   | Found a viscous altar of Jiyva.
 11841 | Lair:4   | Received a gift from Okawaru
 11853 | Lair:4   | Reached skill level 1 in Armour
 11875 | Lair:4   | Reached skill level 1 in Ice Magic
 12129 | Lair:4   | You fall into a shaft and drop 1 floor!
 12129 | Lair:5   | Entered Level 5 of the Lair of Beasts
 12283 | Lair:5   | Slain by a skyshark

Illustrated notes

Levels and vault maps discovered:
D:1:      sevenhm_arrival_forest_fort_small_6, layout_rooms,
          shapermc_ecumenical_altar_pompeii
D:2:      layout_basic, minmay_quadrilaterals
D:3:      layout_basic, ashenzari_altar_1, kennysheep_generic_room_6
D:4:      layout_basic, lightli_temple_of_fire, vehumet_crystals,
          hangedman_decor_points
D:5:      layout_basic, minmay_temple_entry_antechambers
D:6:      layout_rooms, nicolae_overflow_crystal_walls,
          mainiacjoe_overflow_cross_hatched, nzn_hepliaklqana_mist_gate,
          kiku_gazebo_pond_becter, portal_sewer_entry_b,
          chequers_serial_rivers_room_a, uniq_blork_the_orc,
          uniq_crazy_yiuf_cottage, uniq_maggie
D:7:      layout_loops_ring, dreamdust_gnoll_farm, uniq_menkaure, uniq_joseph,
          uniq_pikel
D:8:      layout_rooms, lair_entry_dummy
D:9:      layout_roguey, nicolae_dithmenos_shadow_blocks, serial_shops, shop
D:10:     layout_long_grid, nicolae_overflow_macrodata_refinement
D:11:     layout_roguey, kennysheep_orc_monster_closet_entryway, uniq_erolcha
Temple:   hellmonk_temple_flake
Lair:1:   layout_roguey
Lair:2:   layout_cave_pods, nicolae_swamp_entry_splash_gauntlet,
          hibernation_bobbens, lemuel_fruit_tree, uniq_gastronok, uniq_amaemon
Lair:3:   layout_gridlike, minmay_snake_entry_six_corridors, grunt_megastairs_2
Lair:4:   layout_gridlike, slime_entry_1, worms_lemuel
Lair:5:   minmay_lair_end_enchanted_forest, layout_hall_layers

Skill      XL: |  1  2  3  4  5  6  7  8  9 10 11 12 13 |
---------------+----------------------------------------+-----
Fighting       | 2 3 4 6 7 9 10 | 10.0
Short Blades   | 2 3 4 6 7 9 10 | 10.0
Spellcasting   | 3 4 7 8 |  8.0
Invocations    | 1 3 5 7 8 |  8.0
Stealth        | 4 |  4.0
Translocations | 4 8 |  8.0
Throwing       | 2 6 7 |  7.9
Armour         | 1 |  1.5
Ice Magic      | 1 |  1.3
Dodging        | |  1.5

Action                     |  1- 3 |  4- 6 |  7- 9 | 10-12 | 13-15 || total
---------------------------+-------+-------+-------+-------+-------++-------
  Melee: Short sword       |   123 |   452 |   477 |   189 |       ||  1241
         Bite              |    34 |   128 |   193 |   444 |    61 ||   860
         Dagger            |       |       |       |   810 |   120 ||   930
  Throw: Javelin           |       |       |    12 |       |       ||    12
         Dart              |       |       |       |     9 |       ||     9
  Evoke: Wand              |       |       |       |       |     6 ||     6
    Use: Scroll            |       |     6 |     3 |     2 |     4 ||    15
   Stab: Sleeping          |       |       |     3 |     6 |     2 ||    11
 Armour: Leather armour    |    16 |       |       |       |       ||    16
         Ring mail         |    38 |   180 |    79 |       |       ||   297
         Steam dragon scal |       |       |   143 |   395 |    73 ||   611
  Dodge: Dodged            |    73 |   351 |   332 |   584 |    91 ||  1431

Table legend: (Time is in decaauts)
 A = Elapsed time spent in this place.
 B = Non-inter-level travel time spent in this place.
 C = Inter-level travel time spent in this place.
 D = Time resting spent in this place.
 E = Time spent auto-exploring this place.
 F = Levels seen in this place.
 G = Mean time per level.
                   A        B        C        D        E       F      G
               +--------+--------+--------+--------+--------+-----+--------+
         Total |  11592 |  10795 |    797 |    556 |   6626 |  18 |  644.0 |
       Dungeon |   7718 |   7087 |    631 |    137 |   4681 |  11 |  701.6 |
        Temple |     22 |      1 |     21 |      0 |      0 |   1 |   22.0 |
          Lair |   3533 |   3388 |    145 |    419 |   1802 |   5 |  706.6 |
         Sewer |    318 |    318 |      0 |      0 |    143 |   1 |  318.0 |
               +--------+--------+--------+--------+--------+-----+--------+

Top non-repeatable levels by time:
  Lair:3: 1248 daAuts
  Lair:2: 1191 daAuts
     D:6: 1132 daAuts
    D:10: 859 daAuts
     D:5: 835 daAuts
     D:7: 820 daAuts
     D:2: 765 daAuts
     D:9: 720 daAuts
  Lair:1: 679 daAuts
     D:4: 604 daAuts
     D:8: 603 daAuts
     D:3: 582 daAuts
     D:1: 520 daAuts
   Sewer: 318 daAuts
    D:11: 272 daAuts
